 Dungeon Crawl Stone Soup version 0.30.1-9-gdf580d7c3d (webtiles) character file.

Game seed: 14315443937579488924

697 Zonian the Chiller (level 7, -11/54 HPs)
             Began as a Deep Elf Ice Elementalist on Oct 16, 2023.
             Killed by an exploding orc wizard (33 damage)
             ... ignited by their inner flame
             ... on level 5 of the Dungeon.
             The game lasted 00:15:15 (6253 turns).

Zonian the Chiller (Deep Elf Ice Elementalist)      Turns: 6253, Time: 00:15:16

Health: -11/54     AC: 23    Str:  3 (5)  XL:     7   Next: 38%
Magic:  0/17       EV:  2    Int: 20 (22) God:
Gold:   98         SH:  0    Dex: 16 (18) Spells: 8/17 levels left

rFire   . . .        f - +2 dagger (speed)
rCold   . . .        (no shield)
rNeg    . . .        a - melded +0 robe
rPois   +            c - melded +0 helmet
rElec   .            h - melded +0 cloak
rCorr   +            (gloves currently unavailable)
SInv    .            n - melded +2 pair of boots
Will    .....        j - amulet of Ignis's Wrath {Spirit Harm Fly rCorr Dex+3}
Stlth   +++          (no ring)
HPRegen 0.29/turn    (no ring)
MPRegen 0.15/turn

%: harm (+30% outgoing, +20% incoming), guardian spirit
@: brilliant, tree-form, freezing walls
A: stationary, stasis, torment immunity, boosted hp, (fire resistance 1)
a: no special abilities


You were on level 5 of the Dungeon.
You were a tree.
You visited 2 branches of the dungeon, and saw 6 of its levels.

You collected 240 gold pieces.
You spent 142 gold pieces at shops.

Inventory:

Hand Weapons
 d - a +0 dagger
 f - a +2 dagger of speed (weapon)
 g - a +0 sling
 k - a +0 falchion
 p - a +0 lajatang
 B - a +2 short sword of holy wrath
Missiles
 l - 10 boomerangs
 r - 3 atropa-tipped darts
 s - 5 poisoned darts
Armour
 a - a +0 robe (melded)
 c - a +0 helmet (melded)
 h - a +0 cloak (melded)
 n - a +2 pair of boots (melded)
Jewellery
 j - the amulet of Ignis's Wrath (around neck) {Spirit Harm Fly rCorr Dex+3}
   (You found it on level 2 of the Dungeon)

   [amulet of guardian spirit]

   It causes incoming damage to be divided between your reserves of health and
   magic.
   Dex:       It affects your dexterity (+3).
   Fly:       It grants you flight.
   rCorr:     It protects you from acid and corrosion.
   Harm:      It increases damage dealt and taken.
 t - an amulet of regeneration
Scrolls
 m - 2 scrolls of magic mapping
 o - a scroll of teleportation {unknown}
Potions
 u - 2 potions of flight


   Skills:
 + Level 5.1 Dodging
 + Level 5.6 Stealth
 + Level 5.8 Spellcasting
 + Level 2.3 Fire Magic
 + Level 6.1 Ice Magic


You had 8 spell levels left.
You knew the following spells:

 Your Spells              Type           Power      Damage    Failure   Level
a - Freeze                Ice            100%       1d10      1%          1
b - Frozen Ramparts       Ice            90%        1d14      2%          3
c - Ozocubu's Armour      Ice            45%        N/A       2%          3
d - Scorch                Fire           46%        2d6       6%          2

Your spell library contained the following spells:

 Spells                   Type           Power      Damage    Failure   Level
 Necrotise                Necr           32%        1d5       11%         1
 Lesser Beckoning         Tloc           16%        N/A       16%         2
 Summon Ice Beast         Ice/Summ       27%        N/A       30%         4
 Gell's Gravitas          Tloc           8%         N/A       32%         3
 Teleport Other           Tloc           8%         N/A       32%         3
 Vampiric Draining        Necr           8%         2d6       32%         3
 Flame Wave               Conj/Fire      15%        2d7       54%         4
 Summon Lightning Spire   Summ/Air       8%         N/A       71%         4
 Agony                    Necr           8%         N/A       96%         5
 Summon Cactus Giant      Summ           4%         N/A       100%        6
 Storm Form               Tmut/Air       4%         N/A       100%        7
 Maxwell's Capacitive Co  Air            4%         ∞         100%        8
 Chain Lightning          Conj/Air       4%         3d5       100%        9
 Fire Storm               Conj/Fire      7%         8d2       100%        9
 Shatter                  Erth           4%         3d7*      100%        9


Dungeon Overview and Level Annotations

Branches:
Dungeon (5/15)             Temple (1/1) D:5

Altars:
Dithmenos
Elyvilon
Fedhas
Gozag
Kikubaaqudgha
Makhleb
Nemelex Xobeh
Okawaru
Ru
Vehumet
Wu Jian
Xom
Yredelemnul
The Shining One

Shops:
D:4 [

Annotations:
D:2 1 runed translucent door, Crazy Yiuf
D:4 3 runed translucent doors, Menkaure; mrw3rdna's ghost, amateur FoFi


Innate Abilities, Weirdness & Mutations

You are a tree.
Your roots penetrate the ground, keeping you stationary.
You cannot be teleported.
You are immune to unholy pain and torment.
Your maximum health is greatly increased.
Your equipment is partially melded.
((Your flesh is heat resistant. (rF+)))


Message History

The orc wizard points at you and mumbles some strange words.
You are confused.
Unknown command.
It was a potion of mutation.
You feel extremely strange.
You feel resistant to heat.
An orc priest comes into view. It is wielding a +0 hand axe.
It was a potion of degeneration.
There was something very wrong with that liquid.
You feel weakened.
You feel dopey.
You feel clumsy.
It was a potion of brilliance.
You feel clever all of a sudden.
The orc priest invokes the aid of Beogh against you.
Beogh smites you!
* * * LOW HITPOINT WARNING * * *
It was a potion of curing.
You feel better.
The frozen ramparts melt away.
The orc priest begins to cast a cantrip, but forgets the words!
Magic courses through your body.
The orc wizard points at you and mumbles some strange words.
The puff of flame hits you. You resist.
Unknown command.
Casting: Freeze (safe; 1% risk of failure)
Confirm with . or Enter, or press ? or * to list all spells.
Casting: Frozen Ramparts (dangerous; 2% risk of failure)
Press: ? - help, Dir - look around, f - activate You feel a surge of power!
The walls around you are covered in ice.
The wall freezes the orc wizard.
Flame seeps out of the orc wizard.
An orc comes into view.
It is wielding a +1 vampiric short sword.
Unknown command.
Okay, then.
Really quaff the potion of lignification?
You turn into a tree.
Your +0 cloak melds into your body.
Your +0 helmet melds into your body.
Your +2 pair of boots melds into your body.
Your +0 robe melds into your body.
Your roots penetrate the ground.
The wall freezes the orc wizard!
The orc wizard explodes!
The fiery explosion engulfs you!!!
Ouch! That really hurt!
You die...

######### #.......# ###
#†#..⌠..# ..# #♣#.....#
#.##############§#⌠.h.⌠###
................§○.......#
#.################..⌠..#.#
#.# ..........# #.#
#..........# #.#
#..........# #.#######
#.....o.!..# .........
.....[>.....


You could see an orc.

Vanquished Creatures
  Prince Ribbit (D:5)
  A water moccasin (D:5)
  A black bear (D:4)
  A scorpion (D:5)
  A howler monkey (D:5)
  A hound (D:5)
  A sleepcap (D:5)
  2 iguanas
  An orc wizard (D:5)
  6 gnolls
  2 orcs (D:3)
  6 ball pythons
  4 bats
  8 endoplasms
  2 giant cockroaches (D:1)
  3 hobgoblins
  4 jackals
  4 quokkas
  3 frilled lizards
  4 goblins
  4 kobolds
  9 rats
69 creatures vanquished.

Vanquished Creatures (collateral kills)
  A giant cockroach (D:4)
1 creature vanquished.

Grand Total: 70 creatures vanquished

Notes
Turn   | Place    | Note
-------+----------+-------------------------------------------
     0 | D:1      | Zonian the Deep Elf Ice Elementalist began the quest for
                  | the Orb.
     0 | D:1      | Reached XP level 1. HP: 10/10 MP: 6/6
   325 | D:1      | Reached XP level 2. HP: 15/15 MP: 8/8
  1330 | D:2      | Identified the amulet of Ignis's Wrath {Spirit Harm Fly
                  | rCorr Dex+3}
  1347 | D:2      | Reached XP level 3. HP: 19/19 MP: 7/10
  1647 | D:2      | Found a faded altar of an unknown god.
  1895 | D:1      | Reached XP level 4. HP: 18/24 MP: 5/11
  2267 | D:2      | Found a runed translucent door.
  2268 | D:2      | Noticed Crazy Yiuf
  2334 | D:1      | Learned a level 3 spell: Frozen Ramparts
  2338 | D:1      | Learned a level 3 spell: Ozocubu's Armour
  2813 | D:3      | Reached skill level 5 in Ice Magic
  3353 | D:3      | Identified the +0 pair of gloves "Cait" {+Blink MP-9 Int+3}
  3609 | D:4      | Noticed mrw3rdna's ghost (amateur FoFi)
  3609 | D:4      | Noticed a bullfrog
  3636 | D:4      | Noticed Menkaure
  3663 | D:4      | Found a runed translucent gate.
  3664 | D:4      | Found a runed translucent gate.
  4036 | D:4      | Found a runed translucent gate.
  4426 | D:4      | Noticed a scorpion
  4575 | D:4      | Reached XP level 5. HP: 28/28 MP: 13/13
  4630 | D:4      | Found Buroad's Antique Armour Emporium.
  4723 | D:4      | Noticed a black bear
  4847 | D:4      | Killed a black bear
  4920 | D:4      | Bought a pair of glowing boots for 142 gold pieces
  5343 | D:4      | Learned a level 2 spell: Scorch
  5608 | D:5      | Entered Level 5 of the Dungeon
  5633 | D:5      | Reached XP level 6. HP: 32/32 MP: 15/15
  5635 | D:5      | Reached skill level 5 in Spellcasting
  5655 | D:5      | Reached skill level 1 in Fire Magic
  5837 | D:5      | Noticed a water moccasin
  5846 | D:5      | Killed a water moccasin
  5847 | D:5      | Reached skill level 5 in Stealth
  6117 | D:5      | Found a staircase to the Ecumenical Temple.
  6121 | D:5      | Noticed Prince Ribbit
  6126 | Temple   | Entered the Ecumenical Temple
  6241 | D:5      | Killed Prince Ribbit
  6242 | D:5      | Reached skill level 5 in Dodging
  6242 | D:5      | Reached skill level 6 in Ice Magic
  6242 | D:5      | Reached XP level 7. HP: 18/36 MP: 3/17
  6247 | D:5      | Gained mutation: Your flesh is heat resistant. (rF+)
                  | [potion of mutation]
  6253 | D:5      | Killed by an exploding orc wizard... ignited by their inner
                  | flame

Illustrated notes

Levels and vault maps discovered:
D:1:      dpeg_arrival_concentric_ovals, layout_loops_ring, minmay_surrounded
D:2:      layout_rooms, dilly_ecumenical_altar_fadedgnrine, minmay_heptomino_o4,
          uniq_crazy_yiuf_cottage
D:3:      layout_basic
D:4:      layout_basic, gammafunk_ghost_split, enter_ossuary_2, serial_shops,
          nicolae_inconvenience_store, uniq_menkaure
D:5:      layout_basic, nicolae_hepliaklqana_hazy_memory, temple_fountains,
          uniq_blork_the_orc, uniq_prince_ribbit1
Temple:   compressed_dpeg_circular_temple

Skill      XL: |  1  2  3  4  5  6 |
---------------+-------------------+-----
Stealth        | 3 4 5 |  5.6
Dodging        | 3 4 5 |  5.1
Spellcasting   | 4 5 |  5.8
Ice Magic      | 5 6 |  6.1
Fire Magic     | 2 |  2.3

Action                     |  1- 3 |  4- 6 |  7- 9 || total
---------------------------+-------+-------+-------++-------
  Melee: Dagger            |    27 |    59 |     2 ||    88
         Punch             |     1 |     1 |       ||     2
   Fire: Sling             |       |    19 |       ||    19
   Cast: Freeze            |    49 |    18 |       ||    67
         Frozen Ramparts   |       |     6 |     1 ||     7
         Ozocubu's Armour  |       |     2 |       ||     2
    Use: Scroll            |       |    10 |     2 ||    12
         Potion            |       |     1 |     6 ||     7
   Stab: Sleeping          |     3 |     5 |       ||     8
 Armour: Robe              |    13 |     7 |       ||    20
  Dodge: Dodged            |    31 |    53 |     1 ||    85
